 Dungeon Crawl Stone Soup version 0.15.0-29-ga8e3430 (webtiles) character file.

44 Kold the Skirmisher (level 3, 0/18 HPs)
             Began as a Felid Chaos Knight on Sept 12, 2014.
             Was a Plaything of Xom.
             Slain by an adder (3 damage)
             ... on Level 3 of the Dungeon.
             The game lasted 00:03:19 (2020 turns).

Kold the Skirmisher (Felid Chaos Knight)            Turns: 2020, Time: 00:03:20

HP   0/18        AC  1     Str  8      XL: 3   Next: 39%
MP   5/5         EV 19     Int 13      God: Xom
Gold 120         SH  0     Dex 16      Spells:  0 memorised,  2 levels left
Lives: 0, deaths: 0

rFire  + . .     SeeInvis +       - Unarmed
rCold  . . .     Clarity  .     (armour unavailable)
rNeg   . . .     rCorr    .     (shield unavailable)
rPois  .         rRot     .     (helmet unavailable)
rElec  .         Spirit   .     (cloak unavailable)
SustAb .         Warding  .     (gloves unavailable)
rMut   .         Stasis   .     (boots unavailable)
Gourm  .                        (no amulet)
MR     .....                    (no ring)
                                d - ring of protection from fire

@: confused, lethally poisoned, exhausted, quick, not resistant to hostile
enchantments, very unstealthy
A: paw claws, no armour, no weapons or thrown items, fangs 3, see invisible,
carnivore 3, speed 1, shaggy fur 1, slow metabolism 1, jump 1
a: Jump Attack, Renounce Religion


You were on level 3 of the Dungeon.
You worshipped Xom.
You were a very special plaything of Xom.
You were completely stuffed.

You visited 1 branch of the dungeon, and saw 3 of its levels.

You collected 120 gold pieces.

Inventory:

Comestibles
 c - 3 meat rations
 j - 2 chunks of jackal flesh
 k - a beef jerky
Scrolls
 a - a scroll of enchant armour {unknown}
 e - a scroll of enchant weapon {unknown}
 f - a scroll of fog {unknown}
 g - a scroll of remove curse {unknown}
 h - a scroll of identify {unknown}
Jewellery
 d - a ring of protection from fire (left paw)
Potions
 b - a potion of confusion
 i - a potion of curing {unknown}


   Skills:
 + Level 3.7 Fighting
 + Level 3.6 Dodging
 + Level 0.4 Stealth
 + Level 3.6 Unarmed Combat


You had 2 spell levels left.
You didn't know any spells.

Dungeon Overview and Level Annotations

Branches:
Dungeon (3/15)

Altars:


Innate Abilities, Weirdness & Mutations

You cannot wear armour.
You are incapable of wielding weapons or throwing items.
Your paws have sharp claws.
You have razor-sharp teeth.
You have supernaturally acute eyesight.
You are carnivorous and can eat meat at any time.
You cover ground quickly.
You are covered in fur (AC +1).
You have a slow metabolism.
You can jump attack at a short distance.


Message History

Aim: an adder (severely wounded)
You jump-attack the adder!
You barely miss the adder.
The adder is severely wounded.
You feel somewhat less full. The adder bites you but does no damage.
You closely miss the adder.
The adder is severely wounded.
The adder bites you.
* * * LOW HITPOINT WARNING * * *
You are lethally poisoned!
The adder poisons you!
* * * LOW HITPOINT WARNING * * *
You feel sick. The adder bites you but does no damage.
Drink which item? (? for menu, Esc to quit)
You are confused.
Xom is mildly amused.
It was a potion of confusion.
Xom is highly amused!
The adder bites you.
You die... "Huh?
Did I miss anything?"

..##...............#
#########
..##.##.##..###.####
..##.. ..... #..#
..# #?.... ##.#
#.#### #.# . #.# #.#
#.# #@# #S# #.# #.#
#.# ..# ####


You could see an adder.

Vanquished Creatures
  An adder (D:2)
  A giant gecko (D:2)
  An ooze (D:1)
  2 goblins (D:1)
  4 hobgoblins (D:1)
  3 jackals (D:3)
  3 bats
  3 giant cockroaches (D:1)
  4 giant newts
  7 kobolds
  6 rats
35 creatures vanquished.

Notes
Turn   | Place    | Note
--------------------------------------------------------------
     0 | D:1      | Kold, the Felid Chaos Knight, began the quest for the Orb.
     0 | D:1      | Reached XP level 1. HP: 10/10 MP: 2/2
    65 | D:1      | XOM: harmless Divn miscast
   103 | D:1      | XOM: silly message
   389 | D:1      | Reached XP level 2. HP: 7/14 MP: 3/3
   710 | D:1      | XOM: harmless Erth miscast
  1007 | D:1      | XOM: cast spell 'Beastly Appendage'
  1073 | D:2      | XOM: silly message
  1085 | D:1      | XOM: divination: detect creatures
  1209 | D:1      | XOM: colour smoke trail
  1507 | D:2      | Reached XP level 3. HP: 12/17 MP: 5/5
  2020 | D:3      | Slain by an adder

Action                   || total
-------------------------++-------
Melee: Unarmed           ||   106
 Abil: Jump Attack       ||     1
  Use: Potion            ||     2
 Stab: Sleeping          ||     3
  Eat: Chunk             ||     9
